 Dungeon Crawl Stone Soup version 0.27.1-35-g4d5d836560 (console) character file.

Game seed: 9104792939205449120

2 grimtooth the Conjurer (level 1, 0/10 HPs)
             Began as a Tengu Conjurer on Mar 9, 2022.
             Slain by a rat (1 damage)
             ... on level 1 of the Dungeon.
             The game lasted 00:01:14 (97 turns).

grimtooth the Conjurer (Tengu Conjurer)               Turns: 97, Time: 00:01:14

Health: 0/10       AC:  2    Str:  7    XL:     1   Next: 40%
Magic:  0/4        EV: 12    Int: 18    God:
Gold:   12         SH:  0    Dex: 12    Spells: 3/4 levels left

rFire    . . .     SeeInvis .   (no weapon)
rCold    . . .     Faith    .   (no shield)
rNeg     . . .     Spirit   .   a - +0 robe
rPois    .         Reflect  .   (helmet restricted)
rElec    .         Harm     .   (no cloak)
rCorr    .         Rampage  .   (no gloves)
Will     .....                  (boots unavailable)
Stlth    ++........             (no amulet)
HPRegen  0.03/turn              (no ring)
MPRegen  0.09/turn              (no ring)

@: no status effects
A: beak, talons 3
a: no special abilities


You were on level 1 of the Dungeon.
You visited 1 branch of the dungeon, and saw 1 of its levels.

You collected 12 gold pieces.

Inventory:

Armour
 a - a +0 robe (worn)


   Skills:
 - Level 2.1 Dodging
 - Level 2.0 Stealth
 + Level 2.1 Spellcasting
 + Level 5.4 Conjurations


You had 3 spell levels left.
You knew the following spells:

 Your Spells              Type           Power      Damage    Failure   Level
a - Magic Dart            Conj           84%        1d7       1%          1

Your spell library contained the following spells:

 Spells                   Type           Power      Damage    Failure   Level
 Searing Ray              Conj           42%        3d4       3%          2
 Dazzling Flash           Conj/Hex       22%        N/A       19%         3
 Fulminant Prism          Conj/Hex       5%         3d7       52%         4
 Iskenderun's Mystic Bla  Conj/Tloc      11%        2d4       52%         4


Dungeon Overview and Level Annotations

Branches:
Dungeon (1/15)

Altars:


Innate Abilities, Weirdness & Mutations

You have a beak for a mouth.
You have claws for feet.


Message History

Casting: Magic Dart (safe; 1% risk of failure)
Confirm with . or Enter, or press ? or * to list all spells.
Aiming: Magic Dart (safe; 1% risk of failure)
Press: ? - help, Shift-Dir - straight line, f/p - jackal
Aim: a jackal (almost dead, 100% to hit)
The magic dart hits the jackal but does no damage.
The jackal is almost dead.
The jackal bites you.
The jackal pauses to sniff the ground.
The jackal bites you.
A ball python comes into view.
Found a stone staircase leading down.
The ball python hisses angrily.
The jackal bites you but does no damage.
The jackal misses you. The jackal completely misses you. The jackal bites you.
* * * LOW HITPOINT WARNING * * *
Casting: Magic Dart (safe; 1% risk of failure)
Confirm with . or Enter, or press ? or * to list all spells.
Aiming: Magic Dart (safe; 1% risk of failure)
Press: ? - help, Shift-Dir - straight line, f/p - jackal
Aim: a jackal (severely wounded, 100% to hit)
The magic dart hits the jackal but does no damage.
The jackal is severely wounded.
The jackal bites you.
* * * LOW HITPOINT WARNING * * *
The jackal closely misses you.
Enter note: - hell The jackal misses you.
The jackal closely misses you.
Casting: Magic Dart (safe; 1% risk of failure)
Confirm with . or Enter, or press ? or * to list all spells.
Aiming: Magic Dart (safe; 1% risk of failure)
Press: ? - help, Shift-Dir - straight line, f/p - jackal
Aim: a jackal (heavily wounded, 100% to hit)
The magic dart hits the jackal.
You kill the jackal!
The rat bites you.
You die...

## ###### .. +..... #.
####.# #.# ##.#######.# ..#
..........# ########.#
#.######.# #.....##.#
#........# #.##..⌠..+..#
##..###..# #.##.....#..#
#..# #..# #.##..8..#..#
#####.###..#
#.##.....#.@#####......##...
#.##..⌠..'..rS..............
#.##.....##............###.#
#.#####'###.#####....)..##.#
#'####...##.# #.....#.....
#...##...##.# #.....#..#.#
#.<.''.>.##.# #.....#.....
#...##...#### #.....#.##.#
######...# #.....# #...#
....#


You could see a ball python and a rat.

Vanquished Creatures
  A jackal (D:1)
  A quokka (D:1)
2 creatures vanquished.

Notes
Turn   | Place    | Note
-------+----------+-------------------------------------------
     0 | D:1      | grimtooth the Tengu Conjurer began the quest for the Orb.
     0 | D:1      | Reached XP level 1. HP: 10/10 MP: 4/4
    90 | D:1      | - hell
    97 | D:1      | Slain by a rat

Illustrated notes

## ######..#.h# .. +...........
#. ####.#..##r ##.#######.# #
..# ..........# ########.#
#.######.# #.....##.#
#........# ##..⌠..+..#
##..###..# ##.....#..# #..#
#..# ##..8..#..#
#####.###..##.##.
##.....#..#####.@hr..##........
##..⌠..'..........S...........>
##.....##............###.##.###
#####'###.#####....)..##.# .#
####...##.# #.....#..... #
..##...##.# #.....#..#.##
<.''.>.##.# #.....#.....
..##...#### #.....#.##.#
####...# #.....# #...# ....#


Turn 90 on D:1: - hell

Levels and vault maps discovered:
D:1:      dpeg_arrival_simpleton_b, layout_basic,
          hellmonk_ecumenical_altar_crossroads, serial_shops,
          nicolae_shop_crystal, minmay_misc_feat_five,
          roderic_cross_of_infinity, kennysheep_doodads

Action                   || total
-------------------------++-------
 Cast: Magic Dart        ||     8
Armor: Robe              ||     1
Dodge: Dodged            ||     7
